 Dungeon Crawl Stone Soup version 0.21.1-1-g345015f (webtiles) character file.

34 inc the Scratcher (level 3, 0/17 HPs)
             Began as a Felid Chaos Knight on Feb 22, 2018.
             Slain by a worm (5 damage)
             ... on level 2 of the Dungeon.
             The game lasted 00:02:07 (1207 turns).

inc the Scratcher (Felid Chaos Knight)              Turns: 1207, Time: 00:02:08

Health: 0/17       AC:  1    Str:  8    XL:     3   Next: 14%
Magic:  4/4        EV: 18    Int: 14    God:    Xom [.*....]
Gold:   40         SH:  0    Dex: 15    Spells: 2/2 levels left
                                        Lives:  0   Deaths: 0

rFire    . . .     SeeInvis +     - Unarmed
rCold    . . .     Gourm    .   (shield unavailable)
rNeg     . . .     Faith    .   (armour unavailable)
rPois    .         Spirit   .   (helmet unavailable)
rElec    .         Reflect  .   (cloak unavailable)
rCorr    .         Harm     .   (gloves unavailable)
MR       .....                  (boots unavailable)
Stlth    ++........             (no amulet)
HPRegen  0.05/turn              (no ring)
MPRegen  0.09/turn              (no ring)

@: quick
A: very small, no armour, no weapons or thrown items, stealth, claws 1, fangs 3,
see invisible, carnivore, speed 1, shaggy fur 1, slow metabolism 1, sharp paws
a: Renounce Religion


You were on level 2 of the Dungeon.
You worshipped Xom.
You were a plaything of Xom.
You were full.

You visited 1 branch of the dungeon, and saw 2 of its levels.

You collected 40 gold pieces.

Inventory:

Scrolls
 b - 2 scrolls of teleportation {unknown}
 d - a scroll of identify {unknown}
 f - a scroll of magic mapping {unknown}
Potions
 c - a potion of haste {unknown}
 e - a potion of brilliance {unknown}
 g - a potion of ambrosia {unknown}
Comestibles
 a - 3 rations


   Skills:
 - Level 3.0 Fighting
 - Level 3.2 Dodging
 + Level 4.3 Unarmed Combat


You had 2 spell levels left.
You didn't know any spells.

Dungeon Overview and Level Annotations

Branches:
Dungeon (2/15)

Altars:
Ashenzari
Hepliaklqana
Okawaru
Zin


Innate Abilities, Weirdness & Mutations

You cannot wear armour.
You are incapable of wielding weapons or throwing items.
Your paws allow you to move quietly. (Stealth)
You have sharp claws.
You have razor-sharp teeth.
You have supernaturally acute eyesight. (SInv)
You are carnivorous and can eat meat at any time.
You cover ground quickly.
You are covered in fur. (AC +1)
You have a slow metabolism.
Your sharp claws are effective at attacking unaware monsters.


Message History

You scratch the worm but do no damage.
The worm is lightly wounded.
The worm completely misses you.
You scratch the worm.
The worm is moderately wounded.
You scratch the worm but do no damage.
The worm is moderately wounded.
The worm bites you!
Ouch! That really hurt!
* * * LOW HITPOINT WARNING * * *
You scratch the worm.
The worm is heavily wounded.
The worm barely misses you.
You scratch the worm.
The worm is heavily wounded.
You scratch the worm.
The worm is severely wounded.
The worm bites you.
You die... "Boring in life, boring in death..."

## ### .### #.. ...###
..####.# ...._###
.....# ...###.#
#..######## .###..##
#..@w...... ##..#..###
##..#####... ..####...#
#..#...... .## ###.##
#.#..####.# .#
#..###...## ##. ##
##......### #.. #
####....#.#######.### #
##....##............. #
#..######...).####.####


You could see a worm.

Vanquished Creatures
  An ooze (D:1)
  9 bats
  4 goblins
  5 hobgoblins
  A frilled lizard (D:1)
  3 kobolds
  4 rats (D:1)
27 creatures vanquished.

Notes
Turn   | Place    | Note
-------+----------+-------------------------------------------
     0 | D:1      | inc the Felid Chaos Knight began the quest for the Orb.
     0 | D:1      | Reached XP level 1. HP: 10/10 MP: 2/2
    19 | D:1      | XOM: butterfly on damage
    21 | D:1      | XOM: butterfly on damage
   471 | D:1      | Reached XP level 2. HP: 14/14 MP: 3/3
   623 | D:1      | XOM: butterfly on damage
   628 | D:1      | Reached skill level 4 in Unarmed Combat
   928 | D:1      | Found an iron altar of Okawaru.
  1030 | D:1      | XOM: cloud trail
  1084 | D:2      | Reached XP level 3. HP: 15/17 MP: 4/4
  1117 | D:2      | Found a shattered altar of Ashenzari.
  1124 | D:2      | Found a glowing silver altar of Zin.
  1134 | D:2      | Found a hazy altar of Hepliaklqana.
  1207 | D:2      | Slain by a worm

Skill      XL: |  1  2 |
---------------+-------+-----
Unarmed Combat | 4 |  4.3
Fighting       | |  3.0
Dodging        | |  3.2

Action                   || total
-------------------------++-------
Melee: Unarmed           ||    60
       Bite              ||     4
 Stab: Sleeping          ||     5
  Eat: Chunk             ||     4
Armor: Skin              ||     5
Dodge: Dodged            ||    27
